 Dungeon Crawl Stone Soup version 0.32-a0-893-gf85d74f360 (webtiles) character file.

Game seed: 15553480897906972346

50 pokedragonboy the Grasshopper (level 3, -1/29 HPs)
             Began as an Armataur Warper on Apr 3, 2024.
             Slain by an orc wizard
             ... wielding a +0 dagger
              (2 damage)
             ... on level 3 of the Dungeon.
             The game lasted 00:05:14 (927 turns).

pokedragonboy the Grasshopper (Armataur Warper)      Turns: 927, Time: 00:05:15

Health: -1/29      AC:  4    Str: 16    XL:     3   Next: 55%
Magic:  5/5        EV:  8    Int: 15    God:
Gold:   64         SH:  0    Dex:  9    Spells: 0/5 levels left

rFire   . . .        a - +0 hand axe
rCold   . . .        (no shield)
rNeg    . . .        b - +0 leather armour
rPois   .            (no helmet)
rElec   .            (no cloak)
rCorr   .            (no gloves)
SInv    .            (no barding)
Will    +....        (no amulet)
Stlth   +            i - ring of willpower
HPRegen 0.24/turn    (no ring)
MPRegen 0.09/turn

%: roll
@: brilliant
A: large, deformed body, tough skin 3, armoured tail, rollpage 1
a: no special abilities


You were on level 3 of the Dungeon.
You visited 1 branch of the dungeon, and saw 3 of its levels.

You collected 64 gold pieces.

Inventory:

Hand Weapons
 a - a +0 hand axe (weapon)
Missiles
 d - 4 darts of dispersal (quivered)
Armour
 b - a +0 leather armour (worn)
Jewellery
 i - a ring of willpower (left hand)
 k - a ring of fire
Scrolls
 c - a scroll of blinking
 h - a scroll of enchant weapon {unknown}
Potions
 e - a potion of brilliance
 f - a potion of degeneration {unknown}
 g - a potion of might {unknown}
 j - a potion of magic {unknown}


   Skills:
 + Level 2.1 Fighting
 * Level 2.3 Axes
 - Level 0.8 Throwing
 + Level 1.8 Armour
 - Level 1.3 Dodging
 - Level 1.7 Spellcasting
 * Level 3.6 Translocations


You couldn't memorise any spells.
You knew the following spells:

 Your Spells              Type           Power      Damage    Failure   Level
d - Maxwell's Portable P  Tloc           18%        2d(7-19)  19%         3
n - Blink                 Tloc           36%        N/A       10%         2

Your spell library contained the following spells:

 Spells                   Type           Power      Damage    Failure   Level
 Lesser Beckoning         Tloc           36%        N/A       10%         2
 Teleport Other           Tloc           18%        N/A       19%         3
 Vhi's Electric Charge    Tloc/Air       20%        N/A       78%         4


Dungeon Overview and Level Annotations

Branches:
Dungeon (3/15)

Altars:


Innate Abilities, Weirdness & Mutations

Armour fits poorly on your strangely shaped body.
You have extremely tough skin. (AC +3)
You have a long armoured tail.
You regenerate magic when rolling toward enemies. (Rampage MPRegen)


Message History

You hit the orc.
The orc is severely wounded.
The orc wizard casts a spell.
The orc wizard flickers and vanishes!
Deactivating autopickup; reactivate with Ctrl-A.
The orc barely misses you.
You closely miss the orc.
You tail-slap the orc, but do no damage.
The orc is severely wounded.
The orc hits you with a +0 falchion.
* * * LOW HITPOINT WARNING * * *
You slash the orc!
You kill the orc!
An orc wizard comes into view. It is wielding a +0 dagger.
There is a stone staircase leading up here.
You start resting.
An orc wizard is nearby!
There is a strange disturbance nearby!
Something hits you.
* * * LOW HITPOINT WARNING * * *
You barely miss something. Something hits you but does no damage.
You barely miss something. Something hits you.
* * * LOW HITPOINT WARNING * * *
It was a potion of brilliance.
You feel clever all of a sudden. Something hits you but does no damage.
You aren't carrying any items that you can evoke.
Cast which spell? (? or * to list)
Okay, then.
Okay, then.
Throw: 6 darts (disperse)
Press: ? - help, Q - select action, (/) - cycle Shift-Dir - straight line You throw a dart of dispersal.
Something hits you.
* * * LOW HITPOINT WARNING * * *
Throw: 5 darts (disperse)
Press: ? - help, Q - select action, (/) - cycle Shift-Dir - straight line You throw a dart of dispersal.
Something hits you.
You die...

#...o..
.$...
... #)#
#)# #{#
#<#
#.######
#.{@...#
######.#
.. ##


There were no monsters in sight!

Vanquished Creatures
  A gnoll (D:2)
  3 dart slugs
  An orc (D:3)
  6 endoplasms
  2 giant cockroaches (D:1)
  A goblin (D:1)
  5 hobgoblins
  2 quokkas (D:1)
  3 ball pythons (D:1)
  A bat (D:1)
  2 kobolds
  3 rats (D:1)
30 creatures vanquished.

Notes
Turn   | Place    | Note
-------+----------+-------------------------------------------
     0 | D:1      | pokedragonboy the Armataur Warper began the quest for the
                  | Orb.
     0 | D:1      | Reached XP level 1. HP: 17/17 MP: 3/3
   188 | D:1      | Reached XP level 2. HP: 24/24 MP: 4/4
   272 | D:1      | Learned a level 2 spell: Blink
   596 | D:1      | Reached XP level 3. HP: 20/29 MP: 5/5
   600 | D:1      | Learned a level 3 spell: Maxwell's Portable Piledriver
   926 | D:3      | HP: 1/29 [something (2)]
   927 | D:3      | Slain by an orc wizard

Illustrated notes

Levels and vault maps discovered:
D:1:      saegor_arrival_simple_e, layout_loops_ring,
          hangedman_abyss_or_decor_stabs
D:2:      layout_loops_cross, minmay_misc_feat_more_columns,
          nicolae_shop_vocational
D:3:      layout_loops_cross, uniq_robin

Skill      XL: |  1  2 |
---------------+-------+-----
Axes           | 2 |  2.3
Fighting       | 2 |  2.1
Throwing       | |  0.8
Armour         | |  1.8
Dodging        | |  1.3
Spellcasting   | |  1.7
Translocations | |  3.6

Action                     || total
---------------------------++-------
  Melee: Hand axe          ||    91
         Tailslap          ||     7
  Throw: Dart              ||     3
    Use: Scroll            ||     1
         Potion            ||     1
   Stab: Sleeping          ||     1
 Armour: Leather armour    ||    53
  Dodge: Dodged            ||    45

Table legend: (Time is in decaauts)
 A = Elapsed time spent in this place.
 B = Non-inter-level travel time spent in this place.
 C = Inter-level travel time spent in this place.
 D = Time resting spent in this place.
 E = Time spent auto-exploring this place.
 F = Levels seen in this place.
 G = Mean time per level.
                   A        B        C        D        E       F      G
               +--------+--------+--------+--------+--------+-----+--------+
         Total |    944 |    902 |     42 |     43 |    651 |   3 |  314.7 |
       Dungeon |    944 |    902 |     42 |     43 |    651 |   3 |  314.7 |
               +--------+--------+--------+--------+--------+-----+--------+

Top non-repeatable levels by time:
     D:1: 782 daAuts
     D:2: 135 daAuts
     D:3: 27 daAuts
